 Dungeon Crawl Stone Soup version 0.30-a0-1160-g6e42c06551 (webtiles) character file.

Game seed: 7833231446721690249

12294 Orangeyouglad the Nimble (level 12, 0/142 HPs)
             Began as a Human Monk on Apr 26, 2023.
             Was an Elder of the Shining One.
             Slain by a cane toad (2 damage)
             ... on level 2 of the Lair of Beasts.
             The game lasted 00:27:24 (14050 turns).

Orangeyouglad the Nimble (Human Monk)              Turns: 14050, Time: 00:27:25

Health: 0/142      AC: 26    Str: 15    XL:     12   Next: 18%
Magic:  6/12       EV:  2    Int: 12    God:    the Shining One [****..]
Gold:   694        SH: 17    Dex: 16    Spells: 11/11 levels left

rFire   . . .        B - +8 autumn katana {manifold assault}
rCold   . . .        z - +0 kite shield
rNeg    + + .        r - melded +3 scale mail
rPois   +            K - melded +0 helmet
rElec   .            (cloak currently unavailable)
rCorr   .            (gloves currently unavailable)
SInv    .            J - melded +1 pair of boots "Tenolo" {rElec}
Will    .....        (no amulet)
Stlth   +            G - +4 ring of slaying
HPRegen 0.43/turn    (no ring)
MPRegen 0.13/turn

%: no passive effects
@: mighty, divinely shielded, tree-form, hasted, glowing, very quick
A: stationary, stasis, torment immunity, boosted hp
a: Renounce Religion, Divine Shield, Cleansing Flame


You were on level 2 of the Lair of Beasts.
You worshipped the Shining One.
The Shining One was greatly pleased with you.
You were a tree.
You visited 3 branches of the dungeon, and saw 14 of its levels.
You also visited: Sewer.

You collected 740 gold pieces.
You spent 17 gold pieces at shops.
You donated 29 gold pieces to Zin.

Inventory:

Hand Weapons
 a - a +0 falchion
 B - the +8 autumn katana (weapon) {manifold assault}
   (You found it on level 5 of the Dungeon)
Missiles
 i - 5 javelins
 n - 3 atropa-tipped darts
 x - 8 poisoned darts (quivered)
 H - 2 boomerangs
Armour
 d - an orb of light
 r - a +3 scale mail (melded)
 z - a +0 kite shield (worn)
 J - the +1 pair of boots "Tenolo" (melded) {rElec}
   (You found it on level 8 of the Dungeon)

   rElec:     It insulates you from electricity.
 K - a +0 helmet (melded)
Jewellery
 t - the ring of Xaugos {rPois Will+ Str-4 Dex+4}
   (You found it on level 3 of the Dungeon)

   [ring of poison resistance]

   Str:       It affects your strength (-4).
   Dex:       It affects your dexterity (+4).
   rPois:     It protects you from poison.
   Will:      It increases your willpower.
 G - a +4 ring of slaying (left branch)
 M - a ring of protection from cold
Wands
 g - a wand of mindburst (5)
 E - a wand of roots (11)
 N - a wand of flame (4)
Scrolls
 b - a scroll of magic mapping {unknown}
 f - a scroll of teleportation
 m - 4 scrolls of vulnerability
 o - 2 scrolls of blinking {unknown}
 q - 3 scrolls of fear {unknown}
 u - a scroll of fog
 v - 3 scrolls of amnesia
 w - a scroll of immolation
 y - a scroll of torment {unknown}
 C - a scroll of brand weapon {unknown}
 I - 2 scrolls of enchant weapon {unknown}
 L - a scroll of enchant armour {unknown}
 O - a scroll of identify
Potions
 c - 4 potions of flight
 e - 3 potions of invisibility
 h - 3 potions of might
 j - 2 potions of haste
 l - 2 potions of lignification
 p - 5 potions of magic
 s - a potion of heal wounds {unknown}
 A - a potion of cancellation {unknown}
 D - a potion of mutation {unknown}
 F - a potion of attraction {unknown}


   Skills:
 + Level 9.3 Fighting
 + Level 9.3 Long Blades
 + Level 7.9 Armour
 + Level 9.3 Dodging
 + Level 7.5 Shields


You had 11 spell levels left.
You didn't know any spells.
Your spell library contained the following spells:

 Spells                   Type           Power      Damage    Failure   Level
 Apportation              Tloc           0%         N/A       63%         1
 Foxfire                  Conj/Fire      0%         2x1d4     63%         1
 Kiss of Death            Conj/Necr      0%         2d5       63%         1
 Necrotise                Necr           0%         1d4       63%         1
 Shock                    Conj/Air       0%         1d3       63%         1
 Slow                     Hex            0%         N/A       63%         1
 Summon Small Mammal      Summ           0%         N/A       63%         1
 Scorch                   Fire           0%         2d5       77%         2
 Confusing Touch          Hex            0%         N/A       94%         3
 Gell's Gravitas          Tloc           0%         N/A       94%         3
 Stone Arrow              Conj/Erth      0%         3d7       94%         3
 Summon Guardian Golem    Hex/Summ       0%         N/A       94%         3
 Swiftness                Air            0%         N/A       94%         3
 Teleport Other           Tloc           0%         N/A       94%         3
 Vampiric Draining        Necr           0%         2d6       94%         3
 Airstrike                Air            0%         2d(0-16)  100%        4
 Anguish                  Hex/Necr       0%         N/A       100%        4
 Animate Armour           Summ/Erth      0%         N/A       100%        4
 Dispel Undead            Necr           0%         3d6       100%        4
 Flame Wave               Conj/Fire      0%         2d4       100%        4
 Passage of Golubria      Tloc           0%         N/A       100%        4
 Agony                    Necr           0%         N/A       100%        5
 Fireball                 Conj/Fire      0%         3d3       100%        5
 Silence                  Hex/Air        0%         N/A       100%        5
 Dispersal                Tloc           0%         N/A       100%        6
 Plasma Beam              Fire/Air       0%         2x1d11    100%        6
 Starburst                Conj/Fire      0%         6d3       100%        6
 Summon Cactus Giant      Summ           0%         N/A       100%        6
 Enfeeble                 Hex            0%         N/A       100%        7
 Orb of Destruction       Conj           0%         9d5       100%        7
 Spellforged Servitor     Conj/Summ      0%         N/A       100%        7
 Lehudib's Crystal Spear  Conj/Erth      0%         10d2      100%        8


Dungeon Overview and Level Annotations

Branches:
Dungeon (11/15)            Temple (1/1) D:5            Lair (2/5) D:10
    Orc (0/2) D:9           Sewer (visited)
  Swamp: Lair:2-3    Shoals: Lair:2-3     Snake: Lair:2-3    Spider: Lair:2-3

Altars:
Ashenzari
Cheibriados
Dithmenos
Elyvilon
Fedhas
Gozag
Hepliaklqana
Kikubaaqudgha
Makhleb
Nemelex Xobeh
Okawaru
Qazlal
Ru
Sif Muna
Trog
Uskayaw
Vehumet
Wu Jian
Xom
Yredelemnul
Zin
The Shining One
Lugonu

Shops:
D:11 !

Portals:
Abyss: D:11
Trove: D:11 (give 17 potions of curing)

Annotations:
D:6 1 runed translucent door, BlueFish's ghost, novice OpAr
D:7 2 transporters, exclusion: oklob plant, liarliar's ghost, novice OpAE
D:11 2 runed translucent doors
Lair:1 Joseph


Message History

Your roots penetrate the ground.
You block the wolf's attack.
The wolf bites you but does no damage. x2; You block the wolf's attack. x2
The wolf bites you but does no damage.
Okay, then.
Okay, then.
It was a potion of haste.
You feel yourself speed up.
The wolf bites you but does no damage. x2; You block the wolf's attack.
The wolf bites you.
* * * LOW HITPOINT WARNING * * *
The wolf bites you but does no damage.
You slice the wolf!!
The wolf is almost dead.
The wolf barely misses you. You block the wolf's attack. x2
You slash the wolf!
You kill the wolf!
You block the wolf's attack. x3; The wolf bites you.
* * * LOW HITPOINT WARNING * * *
Okay, then.
Okay, then.
Okay, then.
You closely miss the wolf.
The wolf is severely wounded.
You block the wolf's attack. The wolf bites you but does no damage.
You block the wolf's attack.
You slice the wolf!!
You slice through the folds of space itself!
You slash the cane toad! You slice the wolf!!
You kill the wolf!
You barely miss the wolf. You slice the wolf!!
You kill the wolf! x2
You block the wolf's attack.
Okay, then.
You slash the cane toad!
You slice through the folds of space itself!
You slice the komodo dragon!! You slash the water moccasin! You slash the wolf!
You completely miss the wolf.
The cane toad is severely wounded.
You block the cane toad's attack. You block the wolf's attack.
The cane toad stings you.
You die...

~#~.............
~~..............
.. ..............
... ..........
#.P#####......#
.......#.....#
...:...P.÷<.†#
.......P...Sh##
...........hF♣#
...........lF##
hP#.#+#....†.#
.............#P.#+
.......†..........
..................
..................
...........>......
.#####............


You could see a komodo dragon, 2 cane toads, a water moccasin and 2 wolves.

Vanquished Creatures
  A two-headed ogre (D:10)
  A cyclops (D:11)
  A black mamba (Lair:2)
  An unseen horror (D:11)
  2 cane toads
  4 komodo dragons
  A guardian mummy (D:11)
  2 trolls
  11 yaks
  2 wyverns
  2 wraiths (D:10)
  A basilisk (Lair:2)
  A steam dragon (D:8)
  2 vampire mosquitoes (D:11)
  Edmund (D:4)
  An acid dragon (D:11)
  3 water moccasins
  8 orc warriors
  2 sky beasts
  A black bear (D:7)
  3 ice beasts
  An ogre (D:6)
  16 wolves
  5 centaurs
  A phantom (D:6)
  2 kobold brigands
  5 bullfrogs
  A scorpion (D:5)
  3 wights (D:6)
  3 killer bees (D:9)
  4 jellies
  4 howler monkeys
  An electric eel (D:9)
  2 hounds
  9 orc priests
  2 sleepcaps
  7 orc wizards
  4 gnolls (D:3)
  8 adders
  7 river rats
  3 shadow imps
  A white imp (D:8)
  2 ufetubi (D:5)
  6 worms
  3 dart slugs
  28 orcs
  5 ball pythons
  8 endoplasms
  6 giant cockroaches
  6 goblins
  4 hobgoblins (D:2)
  12 jackals
  16 kobolds
  6 quokkas
  6 bats
  14 rats
262 creatures vanquished.

Vanquished Creatures (others)
  11 fungi (Lair:2)
  8 plants
19 creatures vanquished.

Grand Total: 281 creatures vanquished

Notes
Turn   | Place    | Note
-------+----------+-------------------------------------------
     0 | D:1      | Orangeyouglad the Human Monk began the quest for the Orb.
     0 | D:1      | Reached XP level 1. HP: 18/18 MP: 1/1
   117 | D:1      | Reached XP level 2. HP: 23/24 MP: 2/2
   297 | D:1      | Reached XP level 3. HP: 28/29 MP: 3/3
   888 | D:2      | Reached XP level 4. HP: 35/36 MP: 4/4
  1457 | D:3      | Reached XP level 5. HP: 42/42 MP: 5/5
  1776 | D:3      | Identified the ring of Xaugos {rPois Will+ Str-4 Dex+4}
  2880 | D:4      | Reached XP level 6. HP: 26/49 MP: 6/6
  3139 | D:4      | Found a glowing drain.
  3144 | Sewer    | Entered a sewer
  3378 | Sewer    | Reached XP level 7. HP: 40/55 MP: 7/7
  3508 | Sewer    | Found a glowing silver altar of Zin.
  3647 | Sewer    | Became a worshipper of Zin the Law-Giver
  3647 | Sewer    | Reached * piety under Zin
  3647 | Sewer    | Reached ** piety under Zin
  4017 | D:4      | Reached *** piety under Zin
  4078 | D:4      | Reached skill level 1 in Armour
  4112 | D:4      | Noticed Edmund
  4132 | D:4      | Killed Edmund
  4133 | D:4      | Reached skill level 5 in Fighting
  4133 | D:4      | Reached skill level 5 in Long Blades
  4133 | D:4      | Reached skill level 5 in Dodging
  4507 | D:5      | Entered Level 5 of the Dungeon
  4543 | D:5      | Found a sparkling altar of Nemelex Xobeh.
  5068 | D:5      | Found a staircase to the Ecumenical Temple.
  5124 | Temple   | Entered the Ecumenical Temple
  5313 | Temple   | Fell from the grace of Zin
  5313 | Temple   | Became a worshipper of the Shining One
  5313 | Temple   | Reached * piety under the Shining One
  5373 | D:5      | Reached ** piety under the Shining One
  5427 | D:5      | Reached XP level 8. HP: 57/62 MP: 8/8
  5484 | D:5      | Found the +8 autumn katana {manifold assault}
  5496 | D:5      | Identified the +4 rapier of Dishonour {flame, Str+5}
  5551 | D:5      | Reached skill level 1 in Shields
  5676 | D:5      | Found a basalt altar of Yredelemnul.
  6104 | D:6      | Noticed BlueFish's ghost (novice OpAr)
  6110 | D:6      | Found a runed translucent door.
  6705 | D:6      | Reached XP level 9. HP: 63/69 MP: 9/9
  7122 | D:7      | Found a glowing silver altar of Zin.
  7166 | D:7      | Found a bloodstained altar of Trog.
  7520 | D:7      | Found a transporter.
  7524 | D:7      | Noticed liarliar's ghost (novice OpAE)
  7538 | D:7      | Found a transporter.
  7541 | D:7      | Noticed an oklob plant
  7545 | D:7      | Noticed a cyclops
  7550 | D:7      | Reached *** piety under the Shining One
  7855 | D:8      | Reached skill level 5 in Armour
  7855 | D:8      | Reached XP level 10. HP: 79/79 MP: 10/10
  7867 | D:8      | Identified the +1 pair of boots "Tenolo" {rElec}
  9060 | D:9      | Reached skill level 5 in Shields
  9165 | D:9      | Found a staircase to the Orcish Mines.
  9734 | D:10     | Entered Level 10 of the Dungeon
  9755 | D:10     | Noticed a two-headed ogre
  9977 | D:10     | Reached **** piety under the Shining One
 10125 | D:10     | Found a staircase to the Lair.
 10380 | D:10     | Found a white marble altar of Elyvilon.
 10469 | D:10     | Killed a two-headed ogre
 10739 | D:10     | Found a shimmering blue altar of Sif Muna.
 10952 | D:11     | Noticed a komodo dragon
 10960 | D:11     | Killed a komodo dragon
 10961 | D:11     | Reached XP level 11. HP: 86/86 MP: 11/11
 11059 | D:11     | Found Unonwuig's Distillery.
 11068 | D:11     | Found a one-way gate to the infinite horrors of the Abyss.
 11075 | D:11     | Bought a potion of degeneration for 17 gold pieces
 11219 | D:11     | HP: 2/86 [komodo dragon (9)]
 11608 | D:11     | Found a portal to a secret trove of treasure.
 11671 | D:11     | Noticed a cyclops
 11683 | D:11     | Killed a cyclops
 12073 | D:11     | Found a large runed translucent door.
 12073 | D:11     | Found a large runed translucent door.
 12073 | D:11     | Noticed a green ugly thing
 12074 | D:11     | Found a corrupted altar of Lugonu.
 12074 | D:11     | Noticed a red ugly thing
 12603 | Lair:1   | Entered Level 1 of the Lair of Beasts
 13276 | Lair:1   | Noticed a death yak
 13276 | Lair:1   | Noticed a death yak
 13276 | Lair:1   | Noticed a death yak
 13276 | Lair:1   | Noticed a death yak
 13277 | Lair:1   | Noticed a death yak
 13325 | Lair:1   | Noticed a death yak
 13579 | Lair:1   | Found a basalt altar of Yredelemnul.
 13769 | Lair:1   | Noticed Joseph
 13955 | Lair:2   | Reached XP level 12. HP: 19/95 MP: 9/12
 14039 | Lair:2   | HP: 3/95 [black mamba (8)]
 14045 | Lair:2   | HP: 4/142 [wolf (1)]
 14047 | Lair:2   | HP: 1/142 [wolf (3)]
 14050 | Lair:2   | Slain by a cane toad

Illustrated notes

Levels and vault maps discovered:
D:1:      saegor_arrival_simple_d, layout_loops_ring
D:2:      layout_rooms, hangedman_decor_points
D:3:      layout_basic, kennysheep_generic_room_10
D:4:      cheibrodos_helix_gallery, layout_basic, lightli_sewer_entry_pipes,
          minmay_fountain_box, uniq_edmund
D:5:      layout_loops_corners, nemelex_xobeh_ov_fountains_minmay,
          mainiacjoe_overflow_surrounded_room, temple_statues,
          minmay_misc_feat_room
D:6:      layout_layer_cave, hellmonk_ghost_happy_afterlife, minivault_1
D:7:      layout_rooms, mainiacjoe_overflow_large_starburst, nzn_ghost_randoct
D:8:      layout_basic
D:9:      layout_cave_pools, erik_orc_2
D:10:     layout_basic, mainiacjoe_overflow_six_doors_small,
          lemuel_blue_sif_altar, lair_entry_dummy, lemuel_flamethrower_2
D:11:     due_chaos_kobolds, layout_loops_corners, serial_shops,
          nicolae_shop_pleasant_corner_grove, nicolae_trove_entry_path_of_doom
Temple:   eino_temple_scatter_basement
Lair:1:   layout_big_grid, lemuel_centaur_altar, uniq_joseph
Lair:2:   layout_regular_city, elwin_shoals_entry_rocks

Skill      XL: |  1  2  3  4  5  6  7  8  9 10 11 |
---------------+----------------------------------+-----
Fighting       | 4 5 6 7 8 9 |  9.3
Long Blades    | 4 5 6 7 8 9 |  9.3
Dodging        | 4 5 6 7 8 9 |  9.3
Armour         | 2 3 5 6 7 |  7.9
Shields        | 2 4 5 7 |  7.5

Action                     |  1- 3 |  4- 6 |  7- 9 | 10-12 || total
---------------------------+-------+-------+-------+-------++-------
  Melee: Falchion          |    84 |   194 |    83 |       ||   361
         Katana            |       |       |   110 |   296 ||   406
  Throw: Javelin           |       |    30 |     1 |     7 ||    38
         Dart              |       |       |    30 |    34 ||    64
 Invoke: Vitalisation      |       |       |     1 |       ||     1
         Divine Shield     |       |       |       |     5 ||     5
         Cleansing Flame   |       |       |       |     1 ||     1
  Evoke: Wand              |       |       |     6 |    13 ||    19
    Use: Potion            |       |     1 |     2 |     7 ||    10
         Scroll            |       |       |     4 |     6 ||    10
 Armour: Robe              |    14 |       |       |       ||    14
         Ring mail         |     5 |    64 |     2 |       ||    71
         Scale mail        |       |       |    74 |    99 ||   173
         Skin              |       |       |       |     7 ||     7
  Dodge: Dodged            |    78 |   144 |   101 |   141 ||   464
  Block: Kite shield       |       |       |    37 |   241 ||   278

Table legend: (Time is in decaauts)
 A = Elapsed time spent in this place.
 B = Non-inter-level travel time spent in this place.
 C = Inter-level travel time spent in this place.
 D = Time resting spent in this place.
 E = Time spent auto-exploring this place.
 F = Levels seen in this place.
 G = Mean time per level.
                   A        B        C        D        E       F      G
               +--------+--------+--------+--------+--------+-----+--------+
         Total |  14257 |  13575 |    682 |   2766 |   7282 |  15 |  950.5 |
       Dungeon |  12304 |  11636 |    668 |   1953 |   6888 |  11 | 1118.5 |
        Temple |    204 |    190 |     14 |      0 |    152 |   1 |  204.0 |
          Lair |   1134 |   1134 |      0 |    670 |    133 |   2 |  567.0 |
         Sewer |    613 |    613 |      0 |    143 |    109 |   1 |  613.0 |
               +--------+--------+--------+--------+--------+-----+--------+

Top non-repeatable levels by time:
    D:11: 1693 daAuts
    D:10: 1391 daAuts
     D:3: 1373 daAuts
     D:5: 1372 daAuts
     D:4: 1314 daAuts
     D:9: 1265 daAuts
     D:6: 1120 daAuts
     D:8: 912 daAuts
  Lair:1: 881 daAuts
     D:1: 746 daAuts
     D:2: 642 daAuts
   Sewer: 613 daAuts
     D:7: 472 daAuts
  Lair:2: 253 daAuts
  Temple: 204 daAuts
